 Dungeon Crawl Stone Soup version 0.27-a0-1200-g94dc6ad4cf (webtiles) character file.

Game seed: 9673111734013454655

1012 comborobin the Magician (level 8, 0/67 HPs)
             Began as a Djinni Hedge Wizard on June 2, 2021.
             Was an Initiate of Makhleb.
             Slain by a shadow imp (3 damage)
             ... on level 6 of the Dungeon.
             The game lasted 00:13:25 (7531 turns).

comborobin the Magician (Djinni Hedge Wizard)       Turns: 7531, Time: 00:13:26

Health: 0/67       AC:  8    Str:  9    XL:     8   Next: 45%
Gold:   250        EV: 12    Int: 19    God:    Makhleb [......] SH:  0 Dex: 14

rFire    + + +     SeeInvis +   a - +1 trident
rCold    x x .     Faith    .   (no shield)
rNeg     . . .     Spirit   .   d - +0 robe
rPois    ∞         Reflect  .   e - +2 helmet {SInv}
rElec    .         Harm     .   j - +1 cloak
rCorr    .         Rampage  .   q - +0 pair of gloves
Will     .....                  (boots unavailable)
Stlth    ..........             (no amulet)
HPRegen  0.21/turn              w - ring of fire
MPRegen  0.00/turn              (no ring)

@: berserking, attractive, flying, very quick
A: sickness immunity, fire resistance 2, cold vulnerability 1, float, innate
caster, hp casting, extra vitality 1, clever 1, frail 1
a: Renounce Religion


You were on level 6 of the Dungeon.
You worshipped Makhleb.
Makhleb was noncommittal.
You visited 1 branch of the dungeon, and saw 6 of its levels.

You collected 250 gold pieces.

Inventory:

Hand Weapons
 a - a +1 trident (weapon)
 b - a +0 hand axe of venom
 f - a +2 falchion of electrocution
 l - a +0 great mace
 n - a +0 dagger
 p - a +1 short sword of speed
Armour
 c - a +0 hat
 d - a +0 robe (worn)
 e - a +2 helmet of see invisible (worn)
 j - a +1 cloak (worn)
 q - a +0 pair of gloves (worn)
Jewellery
 w - a ring of fire (left hand)
Scrolls
 g - a scroll of enchant armour
 h - 2 scrolls of fear
 i - a scroll of enchant weapon
 k - 4 scrolls of teleportation
 r - a scroll of identify
Potions
 m - a potion of might
 s - 2 potions of lignification
Miscellaneous
 o - a piece from Xom's chessboard (15/15)


   Skills:
 - Level 2.1 Dodging
 - Level 1.5 Stealth
 + Level 7.5 Spellcasting


You had 3 spell levels left.
You knew the following spells:

 Your Spells              Type           Power      Damage    Failure   Level
a - Magic Dart            Conj           100%       1d8       1%          1
b - Blink                 Tloc           N/A        N/A       1%          2
c - Call Imp              Summ           36%        N/A       1%          2
d - Slow                  Hex            36%        N/A       1%          2
e - Conjure Flame         Conj/Fire      52%        6-21      1%          3
f - Mephitic Cloud        Conj/Pois/Air  36%        N/A       1%          3
g - Sandblast             Erth           72%        2d16      1%          1
h - Corpse Rot            Necr/Air       N/A        N/A       1%          2
i - Swiftness             Air            36%        N/A       1%          3
Your spell library was empty.

Dungeon Overview and Level Annotations

Branches:
Dungeon (6/15)             Temple (0/1) D:5

Altars:
Elyvilon
Makhleb
Qazlal
Wu Jian

Shops:
D:3 =:(?*


Innate Abilities, Weirdness & Mutations

You are immune to sickness and miasma.
You are immune to poison.
Your flesh is very heat resistant. (rF++)
You are vulnerable to cold. (rC-)
You float through the air rather than walking.
You learn spells naturally, not from books.
Your magical power is your life essence.
You have superior vitality. (+4 HP)
Your mind is acute. (Int +2)
You are frail. (-10% HP)


Message History

The ball of steam hits you. You resist.
Things that are here:
a +0 club; a +0 whip; an orc skeleton
Things that are here:
a +0 plate armour; a +0 short sword You see here a +0 dagger.
The steam dragon breathes steam at you. The ball of steam hits you. You resist.
* * * LOW HITPOINT WARNING * * *
Things that are here:
a stone; a +0 dagger
Items here: (( )))).
Things that are here:
2 poisoned darts; a +0 dagger A shadow imp comes into view.
A kobold comes into view. It is wielding a +0 dagger.
The shadow imp shouts!
It was a potion of flight.
You feel more buoyant. The shadow imp gestures at you.
Pain shoots through your body!
* * * LOW HITPOINT WARNING * * *
It was a potion of attraction.
You feel attractive to monsters. The steam dragon is pulled toward you!
The shadow imp is pulled toward you!
It was a potion of berserk rage.
A red film seems to cover your vision as you go berserk!
You feel yourself moving faster!
You feel mighty! The steam dragon barely misses you.
The steam dragon claws you.
* * * LOW HITPOINT WARNING * * *
You barely miss the steam dragon. The steam dragon bites you.
* * * LOW HITPOINT WARNING * * *
The steam dragon claws you but does no damage.
The shadow imp hits you but does no damage.
You hit the steam dragon.
The steam dragon is moderately wounded.
The steam dragon bites you.
* * * LOW HITPOINT WARNING * * *
The steam dragon misses you. The shadow imp hits you.
You die...

#...#.#............
#...#.#............ #
#..)#.........88888
#.##.##########.8888.
#.....()(.D)[)D......
####.##########.§...8
####.####### #..§§.8
#..5D)...... #....D.
#...@....... #.8888.
#........... #.8888.
#...........###......
#....................
#....................
#....................
.....#######.........
###############
#.....<...
..............#
#.........


You could see a steam dragon and a shadow imp.

Vanquished Creatures
  Pikel (D:5)
  2 orc warriors (D:6)
  A black bear (D:6)
  3 lemures (D:5)
  A kobold brigand (D:6)
  A scorpion (D:6)
  2 orc priests
  A bullfrog skeleton (D:4)
  An orc wizard (D:4)
  A hound skeleton (D:5)
  4 gnolls (D:5)
  3 adders
  An ufetubus (D:5)
  3 adder skeletons (D:4)
  A dart slug (D:4)
  A worm (D:3)
  9 orcs
  3 ball pythons
  3 bats (D:3)
  9 endoplasms
  4 giant cockroaches
  4 goblins
  6 hobgoblins
  6 jackals (D:4)
  6 quokkas
  13 kobolds
  6 rats
96 creatures vanquished.

Notes
Turn   | Place    | Note
-------+----------+-------------------------------------------
     0 | D:1      | comborobin the Djinni Hedge Wizard began the quest for the
                  | Orb.
     0 | D:1      | Reached XP level 1. HP: 15/15 MP: 0/0
   424 | D:1      | Reached XP level 2. HP: 18/21 MP: 0/0
   816 | D:2      | Reached skill level 3 in Spellcasting
  1153 | D:2      | You are sucked into a shaft and drop 2 floors!
  1311 | D:3      | Reached XP level 3. HP: 18/25 MP: 0/0
  1311 | D:3      | Learned a level 1 spell: Sandblast
  1511 | D:3      | Found Cafeen's Jewellery Shoppe.
  1634 | D:3      | Found Haiw's Weapon Emporium.
  2003 | D:3      | Found Nurhatet's Book Shoppe.
  2045 | D:3      | Found Conkyune's Magic Scroll Shop.
  2230 | D:3      | Found Arost's General Store.
  3046 | D:2      | Reached XP level 4. HP: 30/31 MP: 0/0
  4059 | D:4      | Reached skill level 4 in Spellcasting
  4139 | D:4      | Reached XP level 5. HP: 23/35 MP: 0/0
  4139 | D:4      | Learned a level 2 spell: Corpse Rot
  5178 | D:4      | Found a burning altar of Makhleb.
  5178 | D:4      | Found a stormy altar of Qazlal.
  5178 | D:4      | Found a white marble altar of Elyvilon.
  5180 | D:4      | Found an ornate altar of the Wu Jian Council.
  5200 | D:4      | Became a worshipper of Makhleb the Destroyer
  5302 | D:4      | Reached XP level 6. HP: 40/40 MP: 0/0
  5647 | D:5      | Entered Level 5 of the Dungeon
  5694 | D:5      | Reached skill level 5 in Spellcasting
  6082 | D:5      | Noticed Pikel
  6140 | D:5      | Killed Pikel
  6141 | D:5      | Reached skill level 6 in Spellcasting
  6141 | D:5      | Reached XP level 7. HP: 23/45 MP: 0/0
  6141 | D:5      | Learned a level 3 spell: Swiftness
  6367 | D:5      | Found a staircase to the Ecumenical Temple.
  6978 | D:6      | Reached XP level 8. HP: 34/50 MP: 0/0
  7121 | D:6      | Reached skill level 7 in Spellcasting
  7217 | D:6      | Identified a scroll of acquirement
  7218 | D:6      | Acquired a +2 helmet of see invisible
  7276 | D:6      | Gained mutation: You are frail. (-10% HP) [potion of
                  | mutation]
  7276 | D:6      | Gained mutation: Your mind is acute. (Int +2) [potion of
                  | mutation]
  7307 | D:6      | HP: 3/67 [orc warrior/+0 trident (4)]
  7530 | D:6      | HP: 3/67 [steam dragon (4)]
  7531 | D:6      | Slain by a shadow imp

Illustrated notes

Levels and vault maps discovered:
D:1:      minmay_arrival_open_corners, layout_rooms
D:2:      layout_loops_corners, item_on_display_a
D:3:      layout_basic, serial_shops, nicolae_shop_waterfront,
          nicolae_shop_waterfront, nicolae_shop_behind_doors, shop, shop,
          grunt_decor_fettered
D:4:      layout_basic, chequers_temple_overflow_statue_of_worship
D:5:      layout_basic, minmay_temple_entry_junction, uniq_pikel
D:6:      layout_basic, portal_sewer_entry_d, chequers_serial_rivers_micro_d,
          hellmonk_bongcloud_opening, st_stairs_13, kb_rosetta

Skill      XL: |  1  2  3  4  5  6  7  8 |
---------------+-------------------------+-----
Spellcasting   | 3 4 6 7 |  7.5
Dodging        | |  2.1
Stealth        | |  1.5

Action                   |  1- 3 |  4- 6 |  7- 9 || total
-------------------------+-------+-------+-------++-------
Melee: Hand axe          |    15 |       |       ||    15
       Trident           |       |    39 |    83 ||   122
 Cast: Magic Dart        |    96 |    87 |     9 ||   192
       Conjure Flame     |       |    11 |    10 ||    21
       Mephitic Cloud    |       |    12 |     9 ||    21
  Use: Potion            |       |     4 |     6 ||    10
       Scroll            |       |       |     9 ||     9
 Stab: Confused          |       |     1 |     2 ||     3
       Sleeping          |       |       |     1 ||     1
Armor: Robe              |     5 |     5 |    23 ||    33
Dodge: Dodged            |    19 |    34 |    70 ||   123

Table legend: (Time is in decaauts)
 A = Elapsed time spent in this place.
 B = Non-inter-level travel time spent in this place.
 C = Inter-level travel time spent in this place.
 D = Time resting spent in this place.
 E = Time spent auto-exploring this place.
 F = Levels seen in this place.
 G = Mean time per level.
                   A        B        C        D        E       F      G
               +--------+--------+--------+--------+--------+-----+--------+
         Total |   7575 |   7307 |    268 |   1843 |   4447 |   6 | 1262.5 |
       Dungeon |   7575 |   7307 |    268 |   1843 |   4447 |   6 | 1262.5 |
               +--------+--------+--------+--------+--------+-----+--------+

Top non-repeatable levels by time:
     D:3: 1927 daAuts
     D:4: 1767 daAuts
     D:2: 1524 daAuts
     D:5: 1089 daAuts
     D:1: 654 daAuts
     D:6: 612 daAuts
